 Dungeon Crawl Stone Soup version 0.20-b1-24-gb21faa7 (webtiles) character file.

6241 Gorglomux the Blocker (level 10, 0/91 HPs)
             Began as a Minotaur Fighter on May 25, 2017.
             Was a Priest of Makhleb.
             Slain by a vampire (6 damage)
             ... on level 9 of the Dungeon.
             The game lasted 00:05:43 (6589 turns).

Gorglomux the Blocker (Minotaur Fighter)            Turns: 6589, Time: 00:05:44

Health: 0/91       AC: 11    Str: 21    XL:     10   Next: 62%
Magic:  0/9        EV: 11    Int:  5    God:    Makhleb [***...]
Gold:   318        SH:  0    Dex: 13    Spells: 9/9 levels left

rFire    . . .     SeeInvis .   a - +0 war axe
rCold    . . .     Gourm    .   c - +0 shield
rNeg     . . .     Faith    .   H - +0 chain mail
rPois    .         Spirit   +   (helmet restricted)
rElec    .         Reflect  .   (no cloak)
rCorr    +         Harm     .   (no gloves)
MR       .....                  (no boots)
Stlth    ..........             G - amulet of guardian spirit
Regen    0.3/turn               g - ring of resist corrosion
MPRegen  0.2/turn               (no ring)

@: confused
A: retaliatory headbutt, horns 2
a: Minor Destruction, Lesser Servant of Makhleb, Renounce Religion


You were on level 9 of the Dungeon.
You worshipped Makhleb.
Makhleb was most pleased with you.
You were hungry.

You visited 1 branch of the dungeon, and saw 8 of its levels.

You collected 318 gold pieces.

Inventory:

Hand Weapons
 a - a +0 war axe (weapon)
Armour
 b - a +0 scale mail
 c - a +0 shield (worn)
 H - a +0 chain mail (worn)
Jewellery
 g - a ring of resist corrosion (left hand)
 G - an amulet of guardian spirit (around neck)
Wands
 A - a wand of acid (1/15)
 U - a wand of acid (7/15)
Scrolls
 j - a scroll of remove curse
 k - a scroll of recharging {unknown}
 l - 3 scrolls of blinking {unknown}
 r - a scroll of fear {unknown}
 C - a scroll of enchant weapon {unknown}
 N - 2 scrolls of noise {unknown}
 R - 2 scrolls of identify
 T - 5 scrolls of teleportation
 V - a scroll of fog {unknown}
 W - a scroll of summoning {unknown}
Potions
 d - 2 potions of might
 i - a potion of agility
 n - a potion of haste
 q - 2 potions of brilliance
 B - a potion of lignification
 F - 2 potions of heal wounds
 M - a potion of mutation {!q}
 Q - 4 potions of curing
Comestibles
 f - 6 bread rations
 z - 2 meat rations
 D - a royal jelly
 J - 6 fruits


   Skills:
 + Level 9.3 Fighting
 + Level 8.9 Axes
 + Level 9.4 Armour
 + Level 7.9 Dodging
 + Level 9.6 Shields


You had 9 spell levels left.
You didn't know any spells.

Dungeon Overview and Level Annotations

Branches:
Dungeon (7/15)             Temple (0/1) D:4            Lair (0/6) D:9

Altars:
Ashenzari
Elyvilon
Hepliaklqana
Kikubaaqudgha
Makhleb
Sif Muna
Vehumet
Zin

Annotations:
D:7 Gorglomux's ghost, novice MiFi


Innate Abilities, Weirdness & Mutations

You reflexively headbutt those who attack you in melee.
You have a pair of horns on your head.


Message History

You are confused.
You're too confused to attack without stumbling around!
You're too confused to attack without stumbling around!
You bump into the rock wall.
You hear some strange, mumbled words.
Something tries to affect you, but you resist.
Unknown command.
You bump into the rock wall.
Something hits you.
* * * LOW HITPOINT WARNING * * *
Something bites you.
* * * LOW HITPOINT WARNING * * *
Something draws strength from your injuries!
You barely miss something. Something hits you but does no damage.
Something bites you!
* * * LOW HITPOINT WARNING * * *
Something draws strength from your injuries!
Unknown command.
You bump into the rock wall.
Something hits you but does no damage. Something bites you!
You die...

#.................#
#.......(((...)...#
#.###.............#
#.###................
#.....#############'#
#.....#.........# .
#...#.#.........#
#...#{#.........#####
#...#@#...##....##..##
#...#.#...##........##
#.....#...#.........##
#.....#...#.....##..##
#...#.#...#......#..#.
#...#.######.....#..#.
#..........#.....#..#.
#......##....._..#..#.
#......##........####.


There were no monsters in sight!

Vanquished Creatures
  A two-headed ogre (D:9)
  Pikel (D:6)
  Joseph (D:9)
  The ghost of Gorglomux the Skirmisher, a novice MiFi of Makhleb (D:6)
  3 trolls
  A hippogriff (D:6)
  3 yaks (D:9)
  A wyvern (D:9)
  Duvessa (D:6)
  A sky beast (D:5)
  5 orc warriors
  4 ogres
  2 centaurs
  5 wolves (D:9)
  Blork the orc (D:6)
  A bullfrog (D:7)
  Dowan (D:6)
  3 scorpions
  3 wights (D:6)
  6 killer bees (D:9)
  3 crimson imps
  A centaur zombie (D:9)
  A jelly (D:9)
  2 hounds
  A centaur skeleton (D:5)
  4 orc priests
  A bullfrog skeleton (D:6)
  3 iguanas
  5 orc wizards
  4 worker ants
  A hound zombie (D:9)
  A hound skeleton (D:4)
  A mummy (D:4)
  4 gnolls (D:5)
  3 adders
  A shadow imp (D:4)
  An ooze (D:4)
  An adder skeleton (D:4)
  4 worms (D:2)
  6 dart slugs
  2 leopard geckos
  22 orcs
  4 giant cockroaches
  7 goblins
  5 hobgoblins
  2 jackals (D:2)
  6 kobolds
  2 quokkas
  A ball python (D:6)
  A ball python skeleton (D:4)
  9 bats
  A frilled lizard (D:1)
  A jackal skeleton (D:4)
  A jackal zombie (D:5)
  A leopard gecko zombie (D:7)
  8 rats
166 creatures vanquished.

Vanquished Creatures (others)
  A slave (D:6)
  A quasit (D:6)
  An orc wizard (D:6)
  An orc (D:6)
  3 jackals (D:6)
7 creatures vanquished.

Grand Total: 173 creatures vanquished

Notes
Turn   | Place    | Note
-------+----------+-------------------------------------------
     0 | D:1      | Gorglomux the Minotaur Fighter began the quest for the Orb.
     0 | D:1      | Reached XP level 1. HP: 19/19 MP: 0/0
    80 | D:1      | Reached XP level 2. HP: 27/27 MP: 1/1
   192 | D:1      | Reached skill level 1 in Dodging
   573 | D:2      | Reached XP level 3. HP: 19/33 MP: 2/2
   718 | D:2      | Found a burning altar of Makhleb.
   724 | D:2      | Found a radiant altar of Vehumet.
   726 | D:2      | Became a worshipper of Makhleb the Destroyer
  1038 | D:2      | Reached XP level 4. HP: 33/40 MP: 3/3
  1207 | D:3      | Reached * piety under Makhleb
  1314 | D:3      | Found a shattered altar of Ashenzari.
  1314 | D:3      | Found a hazy altar of Hepliaklqana.
  1698 | D:3      | Found a glowing silver altar of Zin.
  1840 | D:4      | Reached skill level 3 in Axes
  1842 | D:4      | Reached XP level 5. HP: 41/46 MP: 4/4
  2196 | D:4      | Noticed an ogre
  2219 | D:4      | Killed an ogre
  2219 | D:4      | Reached skill level 3 in Dodging
  2219 | D:4      | Reached XP level 6. HP: 55/55 MP: 5/5
  2367 | D:4      | Found a staircase to the Ecumenical Temple.
  2850 | D:5      | Entered Level 5 of the Dungeon
  2878 | D:5      | Noticed a sky beast
  2884 | D:5      | Killed a sky beast
  2884 | D:5      | Reached XP level 7. HP: 61/61 MP: 6/6
  2955 | D:5      | Reached ** piety under Makhleb
  2960 | D:5      | Reached skill level 6 in Shields
  3310 | D:6      | Noticed a hippogriff
  3323 | D:6      | Killed a hippogriff
  3323 | D:6      | Reached skill level 6 in Armour
  3323 | D:6      | Reached XP level 8. HP: 53/70 MP: 7/7
  3356 | D:6      | Noticed Blork the orc
  3360 | D:6      | Noticed Pikel
  3361 | D:6      | Killed Blork the orc
  3361 | D:6      | Reached skill level 6 in Fighting
  3372 | D:6      | Killed Pikel
  3372 | D:6      | Reached skill level 6 in Axes
  3409 | D:6      | Found a white marble altar of Elyvilon.
  3717 | D:6      | Noticed Duvessa
  3720 | D:6      | Noticed Dowan
  3728 | D:6      | Killed Duvessa
  3734 | D:6      | Killed Dowan
  4006 | D:6      | Noticed Gorglomux's ghost (novice MiFi)
  4016 | D:6      | Reached XP level 9. HP: 74/79 MP: 6/8
  4033 | D:6      | Killed Gorglomux's ghost
  4033 | D:6      | Reached skill level 6 in Dodging
  4833 | D:7      | Noticed a troll
  4843 | D:7      | Killed a troll
  5037 | D:7      | Found a deep blue altar of Sif Muna.
  5075 | D:7      | Noticed Gorglomux's ghost (novice MiFi)
  5095 | D:7      | You fall through a shaft for 2 floors!
  5151 | D:9      | Found a glowing silver altar of Zin.
  5275 | D:9      | Noticed a two-headed ogre
  5294 | D:9      | Killed a two-headed ogre
  5376 | D:9      | Found an ancient bone altar of Kikubaaqudgha.
  5382 | D:9      | Noticed a troll
  5386 | D:9      | Noticed a troll
  5408 | D:9      | Killed a troll
  5408 | D:9      | Reached XP level 10. HP: 35/90 MP: 4/9
  5412 | D:9      | Reached skill level 9 in Shields
  5516 | D:9      | Noticed Joseph
  5570 | D:9      | HP: 4/90 [wolf (5)]
  5582 | D:9      | Killed Joseph
  5582 | D:9      | Reached skill level 9 in Armour
  5882 | D:9      | Reached *** piety under Makhleb
  5909 | D:9      | Reached skill level 9 in Fighting
  5962 | D:9      | Found a staircase to the Lair.
  6174 | D:9      | HP: 2/91 [yak (5)]
  6589 | D:9      | Slain by a vampire

Skill      XL: |  1  2  3  4  5  6  7  8  9 10 |
---------------+-------------------------------+-----
Dodging        | 1 2 3 4 5 7 |  7.9
Armour         | 4 5 6 7 8 9 |  9.4
Shields        | 4 5 6 7 8 9 |  9.6
Fighting       | 4 5 7 8 9 |  9.3
Axes           | 3 4 5 6 7 8 |  8.9

Action                   |  1- 3 |  4- 6 |  7- 9 | 10-12 || total
-------------------------+-------+-------+-------+-------++-------
Melee: War axe           |    82 |   115 |   216 |   139 ||   552
       Headbutt          |    16 |    29 |    52 |    32 ||   129
Invok: Minor Destruction |       |       |     8 |       ||     8
Evoke: Wand              |       |       |     4 |     1 ||     5
  Use: Scroll            |       |       |    11 |       ||    11
       Potion            |       |       |       |     5 ||     5
  Eat: Chunk             |       |     6 |     5 |     3 ||    14
       Royal jelly       |       |       |     2 |       ||     2
Armor: Scale mail        |    26 |    21 |       |       ||    47
       Chain mail        |       |    21 |    83 |    39 ||   143
       Skin              |       |       |       |    30 ||    30
Dodge: Dodged            |    26 |    33 |    82 |    39 ||   180
Block: Shield            |    42 |    53 |   140 |   107 ||   342
